 Dungeon Crawl Stone Soup version 0.20.1-1-g8b1a95d (webtiles) character file.

2113 Lorindel the Conjurer (level 8, -3/63 HPs)
             Began as a Demigod Conjurer on July 18, 2017.
             Slain by an orc
             ... wielding a +0 trident
              (4 damage)
             ... on level 7 of the Dungeon.
             The game lasted 01:09:57 (7751 turns).

Lorindel the Conjurer (Demigod Conjurer)            Turns: 7751, Time: 01:09:57

Health: -3/63      AC: 21    Str: 13    XL:     8   Next: 81%
Magic:  15/16      EV:  7    Int: 27    God:
Gold:   121        SH:  5    Dex: 16    Spells: 4/14 levels left

rFire    . . .     SeeInvis .   D - +0 rapier (freeze)
rCold    . . .     Gourm    .   B - +0 buckler
rNeg     . . .     Faith    .   u - +9 chain mail of the Dolphin {Int+6}
rPois    .         Spirit   .   (helmet restricted)
rElec    .         Reflect  .   (no cloak)
rCorr    .         Harm     .   (no gloves)
MR       .....                  i - +0 pair of boots (curse)
Stlth    ..........             (no amulet)
Regen    0.2/turn               h - ring of stealth
MPRegen  0.2/turn               z - +2 ring of protection

@: no status effects
A: beak, high mp 1, MP-powered wands
a: no special abilities


You were on level 7 of the Dungeon.
You were not hungry.

You visited 1 branch of the dungeon, and saw 7 of its levels.

You collected 281 gold pieces.
You spent 160 gold pieces at shops.

Inventory:

Hand Weapons
 a - a +0 morningstar
 k - a +0 whip
 A - a +3 trident
 D - a +0 rapier of freezing (weapon)
 G - a +0 shortbow
Missiles
 y - 109 arrows
Armour
 g - a +1 ring mail
 i - a cursed +0 pair of boots (worn)
 p - a +0 scale mail
 u - the +9 chain mail of the Dolphin (worn) {Int+6}
   (You found it on level 6 of the Dungeon)

   It affects your intelligence (+6).
 w - a +0 plate armour
 B - a +0 buckler (worn)
 E - a +0 leather armour
 F - a +2 robe of fire resistance
Jewellery
 h - a ring of stealth (left hand)
 z - a +2 ring of protection (right hand)
Wands
 q - a wand of polymorph (11/24)
 v - a wand of confusion (20/48)
 x - a wand of digging (15/24)
Scrolls
 f - a scroll of magic mapping
 l - a scroll of recharging
 n - 2 scrolls of remove curse
Potions
 d - a potion of brilliance
 t - a potion of agility
 C - a potion of ambrosia
Books
 b - a book of Conjurations

   Spells                             Type                      Level
   a - Magic Dart                     Conjuration                  1
   b - Searing Ray                    Conjuration                  2
   c - Dazzling Spray                 Conjuration/Hexes            3
   d - Fulminant Prism                Conjuration/Hexes            4
   e - Force Lance                    Conjuration/Translocation    4
   f - Iskenderun's Mystic Blast      Conjuration                  4
Comestibles
 c - 3 bread rations
 j - 4 meat rations
 r - 3 fruits
 s - a royal jelly


   Skills:
 + Level 3.5 Fighting
 + Level 2.8 Short Blades
 + Level 3.8 Armour
 + Level 4.3 Dodging
 - Level 1.7 Stealth
 + Level 2.5 Shields
 + Level 3.6 Spellcasting
 + Level 5.2 Conjurations
 + Level 2.8 Hexes
 + Level 2.0 Translocations
 + Level 3.1 Evocations


You had 4 spell levels left.
You knew the following spells:

 Your Spells              Type           Power        Failure   Level  Hunger
a - Magic Dart            Conj           ####         32%         1    None
b - Searing Ray           Conj           ####..       43%         2    #......
c - Dazzling Spray        Conj/Hex       ####..       85%         3    ##.....
d - Force Lance           Conj/Tloc      ###.....     99%         4    ####...


Dungeon Overview and Level Annotations

Branches:
Dungeon (7/15)             Temple (0/1) D:6

Shops:
D:5 *

Annotations:
D:7 Setanta's ghost, novice GrFi


Innate Abilities, Weirdness & Mutations

You have an increased reservoir of magic. (+10% MP)
You have a beak for a mouth.
You expend magic power (3 MP) to strengthen your wands.


Message History

Found a quokka skeleton.
Found a bloodstained altar of Trog.
Setanta's ghost keens inconsolably.
Found a trident.
Really walk into a travel-excluded area?
Okay, then.
As you read the scroll labeled FAIMAC SEGUBB, it crumbles to dust.
You feel strangely unstable.
It was a scroll of teleportation.
Setanta's ghost hits you!
* * * LOW HITPOINT WARNING * * *
An iguana and a crocodile come into view.
Setanta's ghost barely misses you. You block the orc's attack.
Found 12 gold pieces.
Found a stone staircase leading up.
Your surroundings seem slightly different.
The iguana barely misses you. You block the crocodile's attack.
Found a meat ration.
The iguana barely misses you. The crocodile bites you!
* * * LOW HITPOINT WARNING * * *
The orc hits you from afar with a trident.
You die...

...÷§.§......#≈≈≈≈
#....._.§......≈≈≈≈≈
#....§§§.#.....≈≈≈≈≈
#....§...#....#≈≈≈≈≈
.#........W......#$##
...................#
........o.._.....###
........t..8.....#
.......@l.._.....#
######.........$.#
#...........#
###........#
##........ #.%......
#........ .......


You could see a crocodile, an iguana, Setanta's ghost and an orc.

Vanquished Creatures
  Eustachio (D:4)
  Menkaure (D:6)
  A black bear (D:5)
  3 ogres
  A necrophage (D:6)
  A sky beast (D:5)
  2 centaurs
  A bullfrog (D:7)
  A wyvern zombie (D:6)
  2 scorpions
  A centaur zombie (D:5)
  2 bullfrog zombies
  3 crimson imps
  A jelly (D:6)
  3 hounds
  An orc priest (D:5)
  6 orc wizards
  A bullfrog skeleton (D:5)
  2 worker ants
  A worker ant zombie (D:6)
  4 gnolls (D:3)
  12 adders
  3 shadow imps
  An ooze (D:3)
  An adder zombie (D:5)
  An adder skeleton (D:6)
  6 worms
  8 dart slugs
  10 leopard geckos
  12 orcs
  4 ball pythons
  7 giant cockroaches
  9 goblins
  13 hobgoblins
  11 jackals
  7 kobolds
  4 quokkas
  3 bats
  4 frilled lizards
  A leopard gecko zombie (D:6)
  A quokka skeleton (D:5)
  6 rats
163 creatures vanquished.

Vanquished Creatures (others)
  An orc (D:7)
  A quokka (D:7)
2 creatures vanquished.

Grand Total: 165 creatures vanquished

Notes
Turn   | Place    | Note
-------+----------+-------------------------------------------
     0 | D:1      | Lorindel the Demigod Conjurer began the quest for the Orb.
     0 | D:1      | Reached XP level 1. HP: 14/14 MP: 5/5
   203 | D:1      | Reached XP level 2. HP: 8/22 MP: 1/7
   209 | D:1      | Learned a level 2 spell: Searing Ray
  1132 | D:1      | Reached skill level 1 in Armour
  1267 | D:1      | Reached XP level 3. HP: 27/27 MP: 6/8
  1415 | D:2      | Reached skill level 1 in Fighting
  1626 | D:2      | Found a sacrificial altar of Ru.
  1662 | D:2      | Reached skill level 4 in Conjurations
  1754 | D:2      | Reached XP level 4. HP: 24/35 MP: 7/10
  1771 | D:2      | Learned a level 3 spell: Dazzling Spray
  1924 | D:2      | Found a bloodstained altar of Trog.
  2309 | D:3      | Reached XP level 5. HP: 26/40 MP: 0/11
  2780 | D:3      | Found a snail-covered altar of Cheibriados.
  3775 | D:4      | Reached skill level 1 in Evocations
  3879 | D:4      | Noticed Eustachio
  3906 | D:4      | Killed Eustachio
  3906 | D:4      | Reached skill level 1 in Hexes
  3906 | D:4      | Reached XP level 6. HP: 30/48 MP: 3/13
  4248 | D:4      | Learned a level 4 spell: Force Lance
  4470 | D:4      | Found an iron altar of Okawaru.
  4613 | D:4      | Reached XP level 7. HP: 52/56 MP: 14/14
  4983 | D:5      | Entered Level 5 of the Dungeon
  4998 | D:5      | Reached skill level 1 in Short Blades
  5039 | D:5      | Reached skill level 1 in Shields
  5236 | D:5      | Reached skill level 1 in Translocations
  5383 | D:5      | Found Hioblat's Assorted Antiques.
  5391 | D:5      | Bought a notched tourmaline ring for 160 gold pieces
  5818 | D:5      | Reached XP level 8. HP: 26/63 MP: 11/16
  5888 | D:5      | Gained mutation: You expend magic power (3 MP) to strengthen your wands. [potion of mutation]
  5888 | D:5      | Gained mutation: You have a beak for a mouth. [potion of mutation]
  6002 | D:5      | Found a sparkling altar of Nemelex Xobeh.
  6519 | D:6      | Reached skill level 5 in Conjurations
  6819 | D:6      | Got a faintly humming chain mail
  6830 | D:6      | Identified the +9 chain mail of the Dolphin {Int+6} (You found it on level 6 of the Dungeon)
  6885 | D:6      | Found a staircase to the Ecumenical Temple.
  6888 | D:6      | Noticed Menkaure
  6896 | D:6      | Killed Menkaure
  7341 | D:7      | Found an iron altar of Okawaru.
  7599 | D:7      | Found a stormy altar of Qazlal.
  7705 | D:7      | Noticed Setanta's ghost (novice GrFi)
  7743 | D:7      | Found a radiant altar of Vehumet.
  7743 | D:7      | Found a white marble altar of Elyvilon.
  7745 | D:7      | Found a bloodstained altar of Trog.
  7751 | D:7      | HP: 1/63 [crocodile (9)]
  7751 | D:7      | Slain by an orc

Skill      XL: |  1  2  3  4  5  6  7  8 |
---------------+-------------------------+-----
Spellcasting   | 2 3 |  3.6
Dodging        | 2 3 4 |  4.3
Armour         | 1 2 3 |  3.8
Fighting       | 1 2 3 |  3.5
Conjurations   | 4 5 |  5.2
Evocations     | 1 2 3 |  3.1
Hexes          | 1 2 |  2.8
Short Blades   | 1 2 |  2.8
Shields        | 1 2 |  2.5
Translocations | 1 2 |  2.0
Stealth        | |  1.7

Action                   |  1- 3 |  4- 6 |  7- 9 || total
-------------------------+-------+-------+-------++-------
Melee: Club              |    86 |    54 |       ||   140
       Spear             |       |    75 |       ||    75
       Trident           |       |    16 |       ||    16
       Rapier            |       |    50 |   193 ||   243
       Peck              |       |       |    21 ||    21
 Cast: Magic Dart        |    27 |    33 |    19 ||    79
       Searing Ray       |     7 |    19 |    25 ||    51
       Dazzling Spray    |       |     4 |     2 ||     6
       Force Lance       |       |     1 |     1 ||     2
Evoke: Wand              |       |       |     1 ||     1
  Use: Scroll            |     3 |     6 |     3 ||    12
       Potion            |       |     1 |    12 ||    13
 Stab: Sleeping          |       |     2 |     4 ||     6
       Invisible         |       |     1 |       ||     1
  Eat: Chunk             |     3 |    10 |     6 ||    19
       Fruit             |       |     1 |     1 ||     2
       Bread ration      |       |       |     1 ||     1
Armor: Ring mail         |    44 |    68 |       ||   112
       Robe              |       |    10 |    35 ||    45
       Chain mail        |       |       |    85 ||    85
Dodge: Dodged            |    63 |   146 |   131 ||   340
Block: Buckler           |       |     5 |    54 ||    59
